 Dungeon Sprint DCSS version 0.19.1 (webtiles) character file.

50 equalderp2856 the Scratcher (level 3, -17/18 HPs)
             Began as a Felid Fighter on Dec 18, 2016.
             Was an Initiate of Dithmenos.
             Demolished by a hill giant
             ... wielding a +0 giant club
              (19 damage)
             ... in the Dungeon (Sprint IX: "|||||||||||||||||||||||||||||").
             The game lasted 00:01:33 (625 turns).

equalderp2856 the Scratcher (Felid Fighter)          Turns: 625, Time: 00:01:33

Health: -17/18     AC:  1    Str: 13    XL:     3   Next: 55%
Magic:  4/4        EV: 20    Int: 15    God:    Dithmenos [......]
Gold:   0          SH:  0    Dex: 15    Spells: 0 memorised, 2 levels left
                                        Lives:  0   Deaths: 0

rFire  . . .     SeeInvis +       - Unarmed
rCold  . . .     Gourm    .     (armour unavailable)
rNeg   . . .     Faith    .     (shield unavailable)
rPois  .         Spirit   .     (helmet unavailable)
rElec  .         Reflect  .     (cloak unavailable)
rCorr  .         Harm     .     (gloves unavailable)
MR     .....     NoTele   +     (boots unavailable)
Stlth  ++........               (no amulet)
                                n - +3 ring of intelligence
                                m - +3 ring of intelligence

@: quick
A: no armour, no weapons or thrown items, stealth, claws 1, fangs 3, see
invisible, carnivore 3, speed 1, shaggy fur 1, slow metabolism 1, sharp paws
a: Renounce Religion


You were in the Dungeon.
You worshipped Dithmenos.
Dithmenos was noncommittal.
You were not hungry.

You visited 1 branch

Inventory:

Jewellery
 m - a +3 ring of intelligence (left paw)
 n - a +3 ring of intelligence (right paw)
Wands
 l - a wand of acid (7/15)
Scrolls
 h - 2 scrolls of blinking
 j - 3 scrolls of remove curse
 k - 2 scrolls of amnesia
Potions
 a - a potion of might
 c - a potion of invisibility
 d - 3 potions of heal wounds
 e - a potion of haste
 f - 4 potions of magic
 g - a potion of berserk rage
 i - 4 potions of curing
Comestibles
 b - a meat ration


   Skills:
 + Level 4.1 Fighting
 + Level 5.4 Dodging
 + Level 1.3 Stealth
 + Level 7.0 Unarmed Combat


You had 2 spell levels left.
You didn't know any spells.

Dungeon Overview and Level Annotations

Branches:
Dungeon (1/1)

Altars:
Cheibriados
Dithmenos
Elyvilon
Fedhas
Gozag
Hepliaklqana
Kikubaaqudgha
Makhleb
Nemelex Xobeh
Okawaru
Qazlal
Ru
Sif Muna
Trog
Uskayaw
Vehumet
Xom
Yredelemnul
Zin
The Shining One
Beogh
Jiyva
Lugonu


Innate Abilities, Weirdness & Mutations

You cannot wear armour.
You are incapable of wielding weapons or throwing items.
Your paws allow you to move quietly. (Stealth)
You have sharp claws.
You have razor-sharp teeth.
You have supernaturally acute eyesight. (SInv)
You are carnivorous and can eat meat at any time.
You cover ground quickly.
You are covered in fur. (AC +1)
You have a slow metabolism.
Your sharp claws are effective at attacking unaware monsters.


Message History

You claw the hill giant!
The hill giant is heavily wounded.
The howler monkey hoots and howls with incredible vigour!
The hill giant barely misses you.
You scratch the hill giant but do no damage.
You bite the hill giant.
The hill giant is heavily wounded.
You barely miss the hill giant.
The hill giant is heavily wounded.
The hill giant closely misses you.
You scratch the hill giant.
The hill giant is heavily wounded.
The hill giant misses you.
You scratch the hill giant.
The hill giant is heavily wounded.
You scratch the hill giant.
The hill giant is severely wounded.
The hill giant hits you with a giant club!!
Ouch! That really hurt!
You die... ▓▓▓▓▓▓▓▓▓▓▓▓▓▓▓▓▓▓▓▓▓▓▓▓ _____.'..|)[[[..@C5Wohl+ ▓▓▓▓▓▓▓▓▓▓▓▓▓▓▓▓▓▓▓▓▓▓▓▓

You could see a hill giant, a komodo dragon, a hungry ghost, a howler monkey, a quasit and an orc.

Vanquished Creatures
  An iguana (D)
  An adder (D)
  An adder zombie (D)
  A worm (D)
  A leopard gecko (D)
  A bat skeleton (D)
  2 hobgoblins (D)
  A kobold (D)
  A rat (D)
10 creatures vanquished.

Notes
Turn   | Place    | Note
-------+----------+-------------------------------------------
     0 | D        | equalderp2856 the Felid Fighter began the quest for the Orb.
     0 | D        | Reached XP level 1. HP: 10/10 MP: 2/2
   205 | D        | Noticed an iguana
   212 | D        | Killed an iguana
   212 | D        | Reached skill level 5 in Dodging
   212 | D        | Reached skill level 6 in Unarmed Combat
   212 | D        | Reached XP level 2. HP: 15/15 MP: 3/3
   212 | D        | Reached XP level 3. HP: 18/18 MP: 4/4
   223 | D        | Reached skill level 1 in Stealth
   232 | D        | Reached skill level 7 in Unarmed Combat
   442 | D        | Found a roughly hewn altar of Beogh.
   442 | D        | Found a snail-covered altar of Cheibriados.
   442 | D        | Found a shadowy altar of Dithmenos.
   442 | D        | Found a white marble altar of Elyvilon.
   442 | D        | Found a blossoming altar of Fedhas.
   442 | D        | Found an opulent altar of Gozag.
   443 | D        | Found a hazy altar of Hepliaklqana.
   444 | D        | Found a viscous altar of Jiyva.
   445 | D        | Found an ancient bone altar of Kikubaaqudgha.
   446 | D        | Found a corrupted altar of Lugonu.
   447 | D        | Found a burning altar of Makhleb.
   448 | D        | Found a sparkling altar of Nemelex Xobeh.
   449 | D        | Found an iron altar of Okawaru.
   450 | D        | Found a stormy altar of Qazlal.
   451 | D        | Found a sacrificial altar of Ru.
   456 | D        | Found a deep blue altar of Sif Muna.
   457 | D        | Found a bloodstained altar of Trog.
   458 | D        | Found a hide-covered altar of Uskayaw.
   459 | D        | Found a radiant altar of Vehumet.
   460 | D        | Found a shimmering altar of Xom.
   461 | D        | Found a basalt altar of Yredelemnul.
   462 | D        | Found a glowing silver altar of Zin.
   463 | D        | Found a glowing golden altar of the Shining One.
   573 | D        | Became a worshipper of Dithmenos the Shadowed
   613 | D        | Noticed a hill giant
   613 | D        | Noticed a hungry ghost
   613 | D        | Noticed a komodo dragon
   625 | D        | Demolished by a hill giant

Skill      XL: |  1  2  3 |
---------------+----------+-----
Dodging        | 5 |  5.4
Unarmed Combat | 6 7 |  7.0
Fighting       | 4 |  4.1
Stealth        | 1 |  1.3

Action                   || total
-------------------------++-------
Melee: Unarmed           ||    51
       Bite              ||     6
       Punch             ||     1
  Use: Potion            ||     1
 Stab: Sleeping          ||     1
Armor: Skin              ||     2
Dodge: Dodged            ||    31
